 Dungeon Crawl Stone Soup version 0.21-a0-361-g4efd3f9 (webtiles) character file.

15763 Ijustatesigmund the Covert (level 12, -3/60 HPs)
             Began as a Spriggan Enchanter on Oct 12, 2017.
             Was a Believer of Ashenzari.
             Slain by a killer bee (9 damage)
             ... on level 12 of the Dungeon on Oct 13, 2017.
             The game lasted 00:58:47 (19772 turns).

Ijustatesigmund the Covert (Spriggan Enchanter)    Turns: 19772, Time: 00:58:48

Health: -3/60      AC:  5    Str:  4    XL:     12   Next: 4%
Magic:  27/27      EV: 23    Int: 19    God:    Ashenzari [**....]
Gold:   526        SH:  8    Dex: 19    Spells: 21/31 levels left

rFire    . . .     SeeInvis +   a - +4 short sword (pierce) (curse)
rCold    . . .     Gourm    .   y - +0 buckler
rNeg     . . .     Faith    .   b - +0 robe
rPois    .         Spirit   .   (helmet restricted)
rElec    .         Reflect  .   I - +2 cloak {MR+}
rCorr    .         Harm     .   (gloves unavailable)
MR       +++..                  (boots unavailable)
Stlth    ++++++....             u - amulet of regeneration (curse)
HPRegen  0.60/turn              n - ring of stealth
MPRegen  0.20/turn              r - ring of wizardry (curse)

@: lethally poisoned (-3 -> -22), slowed, quick
A: unfitting armour, see invisible, herbivore 3, speed 3, slow metabolism 2
a: Curse Item, Scrying, Renounce Religion


You were on level 12 of the Dungeon.
You worshipped Ashenzari.
Ashenzari was pleased with you.
You were not hungry.

You visited 2 branches of the dungeon, and saw 13 of its levels.

You collected 651 gold pieces.
You spent 125 gold pieces at shops.

Inventory:

Hand Weapons
 a - a cursed +4 short sword of piercing (weapon)
 g - a +2 dagger
 z - a +1 dagger of holy wrath
Missiles
 h - 34 tomahawks (quivered)
 l - 5 poisoned tomahawks
 p - 6 curare-tipped needles
Armour
 b - a +0 robe (worn)
 y - a +0 buckler (worn)
 I - a +2 cloak of magic resistance (worn)
Jewellery
 e - an uncursed ring of magical power
 n - a ring of stealth (left hand)
 r - a cursed ring of wizardry (right hand)
 u - a cursed amulet of regeneration (around neck)
 w - a cursed ring of teleportation
 D - an uncursed ring of flight
Wands
 m - a wand of lightning (6/15)
 t - a wand of lightning (10/15)
 H - a wand of polymorph (6/24)
Scrolls
 f - a scroll of fear {unknown}
 s - 2 scrolls of amnesia
 v - a scroll of teleportation
 G - a scroll of recharging
 J - 3 scrolls of identify
Potions
 j - 5 potions of might
 o - 3 potions of curing
 q - 2 potions of ambrosia
 C - a potion of haste
 E - 2 potions of flight {unknown}
Books
 c - a book of Maledictions

   Spells                             Type                      Level
   a - Corona                         Hexes                        1
   b - Ensorcelled Hibernation        Hexes/Ice                    2
   c - Confuse                        Hexes                        3
   d - Tukima's Dance                 Hexes                        3
   e - Dazzling Spray                 Conjuration/Hexes            3
 i - a Young Poisoner's Handbook

   Spells                             Type                      Level
   a - Sting                          Conjuration/Poison           1
   b - Poisonous Vapours              Poison/Air                   2
   c - Mephitic Cloud                 Conjuration/Poison/Air       3
   d - Olgreb's Toxic Radiance        Poison                       4
   e - Venom Bolt                     Conjuration/Poison           5
 k - a book of Callings

   Spells                             Type                      Level
   a - Summon Small Mammal            Summoning                    1
   b - Call Imp                       Summoning                    2
   c - Call Canine Familiar           Summoning                    3
   d - Summon Guardian Golem          Hexes/Summoning              3
   e - Summon Lightning Spire         Summoning/Air                4
   f - Summon Ice Beast               Ice/Summoning                4
 x - a book of Cantrips

   Spells                             Type                      Level
   a - Confusing Touch                Hexes                        1
   b - Animate Skeleton               Necromancy                   1
   c - Summon Small Mammal            Summoning                    1
   d - Apportation                    Translocation                1
Comestibles
 d - 9 bread rations
 B - 5 fruits
 F - 10 royal jellies


   Skills:
 + Level 5.3 Fighting
 - Level 7.0(9.4) Short Blades
 - Level 2.3 Throwing
 - Level 7.1 Dodging
 - Level 11.4 Stealth
 + Level 6.4 Shields
 + Level 10.0 Spellcasting
 - Level 3.9(5.2) Conjurations
 - Level 5.4(6.9) Hexes
 - Level 7.4(8.9) Translocations
 - Level 4.2(5.5) Ice Magic
 + Level 0.2(0.5) Air Magic
 + Level 0.2(0.6) Poison Magic


You had 21 spell levels left.
You knew the following spells:

 Your Spells              Type           Power        Failure   Level  Hunger
a - Corona                Hex            #####..      1%          1    None
b - Ensorcelled Hibernat  Hex/Ice        ####..       1%          2    None
c - Dazzling Spray        Conj/Hex       ####..       1%          3    None
d - Apportation           Tloc           #####.       1%          1    None
e - Mephitic Cloud        Conj/Pois/Air  ###.....     4%          3    None


Dungeon Overview and Level Annotations

Branches:
Dungeon (12/15)            Temple (1/1) D:7            Lair (0/6) D:9
    Orc (0/2) D:9

Altars:
Ashenzari
Cheibriados
Dithmenos
Elyvilon
Fedhas
Gozag
Hepliaklqana
Kikubaaqudgha
Makhleb
Nemelex Xobeh
Okawaru
Qazlal
Ru
Sif Muna
Trog
Uskayaw
Vehumet
Wu Jian
Xom
Yredelemnul
Zin
The Shining One

Shops:
D:8 *   D:11 [


Innate Abilities, Weirdness & Mutations

You are very small and have problems with some larger weapons.
You are too small for most types of armour.
You have supernaturally acute eyesight. (SInv)
You are a herbivore.
You cover ground extremely quickly.
You need consume almost no food.


Message History

The killer bee barely misses you. The hornet closely misses you.
The centaur shoots an arrow.
The arrow misses you. The killer bee misses you. x2
The hornet stings you!
* * * LOW HITPOINT WARNING * * *
You feel as though you will be slow longer.
The killer bee completely misses you.
You hit the killer bee.
The killer bee is almost dead.
* * * LOW HITPOINT WARNING * * *
You feel very sick.
The killer bee is no longer blind.
The killer bee closely misses you. The killer bee barely misses you.
The hornet stings you but does no damage.
The centaur misses you. The killer bee completely misses you.
You're too confused to move!
You feel less invigorated.
You feel less confused.
* * * LOW HITPOINT WARNING * * *
You feel very sick. The killer bee stings you!
You die...

...#..#......## * *
.............## ,** ,
####........[.# * , ,
#...†(.....# ,
#..........# ,
#..........# *
#..........# * . *
####...(....## ..
*...........@y#####cy.
*
.###......ycyc#..cyc.,
* ** #........W...#
#..........(## , ,
#.........(.# *, *
#..........## * , *
##........## , *
.........## * *, ,
....####### , *


You could see a hornet, a wraith, 2 centaurs and 2 killer bees.

Vanquished Creatures
  A hydra (D:11)
  Urug (D:11)
  3 two-headed ogres
  A manticore (D:12)
  3 ugly things
  A centaur zombie (D:11)
  Maurice (D:11)
  A gargoyle (D:11)
  A troll (D:11)
  3 hippogriffs
  A slime creature (D:11)
  4 yaks (D:11)
  A wraith (D:10)
  A wyvern (D:11)
  Grum (D:8)
  A hungry ghost (D:10)
  Duvessa (D:4)
  2 water moccasins
  7 orc warriors
  6 sky beasts
  3 ice beasts
  2 black bears
  5 ogres
  5 phantoms
  2 wolves (D:8)
  15 centaurs
  A crocodile (D:9)
  A big kobold (D:10)
  11 bullfrogs
  Dowan (D:4)
  A scorpion (D:9)
  8 killer bees
  2 howler monkeys
  4 wights (D:6)
  5 crimson imps
  2 quasits
  13 orc wizards
  A bullfrog zombie (D:6)
  11 orc priests
  3 bullfrog skeletons
  4 hounds
  5 jellies
  3 centaur skeletons
  4 iguanas
  9 worker ants
  A hound skeleton (D:7)
  A worker ant zombie (D:11)
  Robin (D:2)
  8 gnolls
  A howler monkey skeleton (D:7)
  16 adders
  6 oozes
  An adder zombie (D:7)
  3 dart slugs
  9 leopard geckos
  59 orcs
  A ball python (D:5)
  5 giant cockroaches
  15 goblins
  8 hobgoblins
  12 jackals
  6 quokkas
  9 bats
  8 frilled lizards
  13 kobolds
  2 quokka skeletons
  A quokka zombie (D:7)
  6 rats
354 creatures vanquished.

Notes
Turn   | Place    | Note
-------+----------+-------------------------------------------
     0 | D:1      | Ijustatesigmund the Spriggan Enchanter began the quest for the Orb.
     0 | D:1      | Reached XP level 1. HP: 9/9 MP: 5/5
   605 | D:1      | Reached XP level 2. HP: 13/13 MP: 7/7
   609 | D:1      | Learned a level 2 spell: Ensorcelled Hibernation
  1583 | D:2      | Noticed Robin
  1907 | D:3      | Reached XP level 3. HP: 12/16 MP: 9/9
  2325 | D:3      | Reached skill level 5 in Stealth
  3292 | D:1      | Reached XP level 4. HP: 20/21 MP: 8/11
  3480 | D:2      | Killed Robin
  4677 | D:2      | Found a sparkling altar of Nemelex Xobeh.
  4718 | D:3      | You fall through a shaft for 2 floors!
  4718 | D:5      | Entered Level 5 of the Dungeon
  4718 | D:5      | Noticed a centaur
  4719 | D:5      | Noticed a phantom
  4720 | D:5      | Killed a centaur
  4720 | D:5      | Reached skill level 1 in Fighting
  4720 | D:5      | Reached skill level 6 in Stealth
  4720 | D:5      | Reached skill level 5 in Spellcasting
  4720 | D:5      | Reached XP level 5. HP: 25/25 MP: 11/13
  5778 | D:3      | Found a bloodstained altar of Trog.
  6493 | D:3      | Reached XP level 6. HP: 30/30 MP: 14/14
  6912 | D:4      | Noticed Dowan
  6916 | D:4      | Noticed Duvessa
  7282 | D:4      | Learned a level 3 spell: Dazzling Spray
  7498 | D:4      | Reached skill level 5 in Dodging
  7504 | D:4      | Reached skill level 1 in Conjurations
  7504 | D:4      | Reached skill level 1 in Ice Magic
  7504 | D:4      | Reached XP level 7. HP: 34/34 MP: 5/17
  7709 | D:4      | Found a snail-covered altar of Cheibriados.
  7975 | D:4      | Killed Duvessa
  7978 | D:4      | Killed Dowan
  7997 | D:4      | HP: 2/51 [poisoned by Duvessa]
  8004 | D:4      | HP: 1/51 [poisoned by Duvessa]
  8012 | D:4      | HP: 1/51 [poisoned by Duvessa]
  9370 | D:5      | Reached XP level 8. HP: 38/38 MP: 18/18
  9636 | D:5      | Found a shadowy altar of Dithmenos.
  9677 | D:5      | Found a sacrificial altar of Ru.
  9677 | D:5      | Found a snail-covered altar of Cheibriados.
  9842 | D:6      | Reached skill level 7 in Stealth
 10327 | D:6      | You fall through a shaft for 3 floors!
 10413 | D:8      | Found a stormy altar of Qazlal.
 10519 | D:8      | Noticed Grum
 10541 | D:8      | Killed Grum
 10541 | D:8      | Reached skill level 8 in Stealth
 10914 | D:8      | Noticed a hippogriff
 10926 | D:8      | Killed a hippogriff
 10926 | D:8      | Reached XP level 9. HP: 21/44 MP: 12/21
 11939 | D:6      | Found a blossoming altar of Fedhas.
 13165 | D:7      | Found a staircase to the Ecumenical Temple.
 13175 | Temple   | Entered the Ecumenical Temple
 13415 | Temple   | Became a worshipper of Ashenzari the Shackled
 13470 | D:7      | Reached skill level 5 in Hexes
 13869 | D:7      | Learned a level 1 spell: Apportation
 13903 | D:7      | Reached skill level 1 in Translocations
 14092 | D:7      | Reached skill level 1 in Shields
 14423 | D:8      | Found Wemiq's Assorted Antiques.
 14431 | D:8      | Bought a potion of heal wounds for 125 gold pieces
 14486 | D:8      | Reached XP level 10. HP: 49/49 MP: 19/23
 15279 | D:9      | Reached skill level 5 in Translocations
 15368 | D:9      | Found a hide-covered altar of Uskayaw.
 15597 | D:9      | Reached * piety under Ashenzari
 15766 | D:10     | Entered Level 10 of the Dungeon
 15984 | D:10     | Noticed a two-headed ogre
 16075 | D:11     | Noticed a purple ugly thing
 16222 | D:10     | Identified the cursed +0 shortbow of the Beast {venom, rF++ Dex+4}
 16232 | D:10     | Reached skill level 9 in Stealth
 16536 | D:9      | Found a staircase to the Lair.
 16594 | D:9      | Reached skill level 5 in Short Blades
 16632 | D:9      | Noticed a two-headed ogre
 16656 | D:9      | Killed a two-headed ogre
 16709 | D:9      | Reached skill level 10 in Stealth
 16927 | D:9      | Found a staircase to the Orcish Mines.
 17137 | D:10     | Killed a two-headed ogre
 17266 | D:10     | Reached XP level 11. HP: 41/52 MP: 24/24
 17467 | D:10     | Reached ** piety under Ashenzari
 17492 | D:10     | Noticed a two-headed ogre
 17568 | D:10     | Killed a two-headed ogre
 17568 | D:10     | Reached skill level 1 in Throwing
 17568 | D:10     | Reached skill level 11 in Stealth
 17776 | D:10     | Killed a purple ugly thing
 17776 | D:10     | Reached skill level 5 in Shields
 18529 | D:11     | Noticed a red ugly thing
 18536 | D:11     | Killed a red ugly thing
 18558 | D:11     | Noticed Maurice
 18565 | D:11     | Killed Maurice
 18583 | D:11     | Noticed a red ugly thing
 18589 | D:11     | Killed a red ugly thing
 18776 | D:11     | Noticed Urug
 18783 | D:11     | Killed Urug
 18832 | D:11     | Noticed a five-headed hydra
 18886 | D:11     | Killed a five-headed hydra
 19134 | D:11     | Reached skill level 5 in Fighting
 19444 | D:11     | Found Yhufrad's Armour Shoppe.
 19572 | D:11     | Upgraded the game from 0.21-a0-356-g45b0a09 to 0.21-a0-361-g4efd3f9
 19606 | D:12     | Reached skill level 10 in Spellcasting
 19606 | D:12     | Reached XP level 12. HP: 60/60 MP: 25/27
 19611 | D:12     | Learned a level 3 spell: Mephitic Cloud
 19766 | D:12     | Paralysed by a hornet for 3 turns
 19768 | D:12     | HP: 2/60 [hornet (13)]
 19772 | D:12     | Slain by a killer bee

Vault maps used:
D:1:      dpeg_arrival_ternary
D:2:      marbit_many_paths, uniq_robin
D:3:      cheibrodos_pilgrimage, nicolae_overflow_crystal_walls, first_bread
D:4:      cheibriados_altar_1, uniq_duvessa
D:5:      gammafunk_temple_overflow_elements, basic_altar
D:6:      fedhas_altar_4
D:7:      minmay_temple_entry_statues_fountains
D:8:      kennysheep_mini_moat, serial_shops, nicolae_shop_statue_plus,
          uniq_grum
D:9:      eat_drink_and_be_merry_uskayaw, lair_entry_dummy, david_orc_4
D:11:     serial_shops, nicolae_shop_trees, hangedman_little_slice_of_home,
          grunt_ministairs_8, dk_noncrumbling_2, uniq_maurice, uniq_urug
D:12:     nicolae_alphabet_shops
Temple:   regret_index_temple_generic_petals

Skill      XL: |  1  2  3  4  5  6  7  8  9 10 11 |
---------------+----------------------------------+-----
Spellcasting   | 3 4 5 6 7 8 10 | 10.0
Stealth        | 5 6 8 10 11 | 11.4
Short Blades   | 2 4 6 7 |  7.0
Fighting       | 1 3 5 |  5.3
Dodging        | 5 6 7 |  7.1
Conjurations   | 1 2 3 |  3.9
Ice Magic      | 1 2 4 |  4.2
Hexes          | 5 |  5.4
Translocations | 3 7 |  7.4
Shields        | 1 4 6 |  6.4
Throwing       | 2 |  2.3
Air Magic      | |  0.2
Poison Magic   | |  0.2

Action                   |  1- 3 |  4- 6 |  7- 9 | 10-12 || total
-------------------------+-------+-------+-------+-------++-------
Melee: Dagger            |   226 |   272 |    18 |       ||   516
       Short sword       |       |       |   365 |   462 ||   827
Throw: Tomahawk          |    12 |    15 |    45 |    32 ||   104
 Cast: Corona            |     5 |     5 |     3 |       ||    13
       Ensorcelled Hiber |     6 |    24 |    52 |    87 ||   169
       Apportation       |       |       |       |     1 ||     1
       Dazzling Spray    |       |       |       |    17 ||    17
       Mephitic Cloud    |       |       |       |     2 ||     2
Invok: Curse Item        |       |       |     2 |     1 ||     3
Evoke: Wand              |       |       |     7 |     5 ||    12
  Use: Scroll            |     2 |     5 |     8 |     3 ||    18
       Potion            |       |       |     4 |     3 ||     7
 Stab: Sleeping          |    12 |    22 |    43 |    78 ||   155
       Distracted        |     1 |       |     3 |     3 ||     7
       Invisible         |       |       |       |     2 ||     2
  Eat: Fruit             |       |     3 |     1 |     2 ||     6
       Bread ration      |       |     1 |     1 |       ||     2
Armor: Robe              |    26 |    30 |    19 |    14 ||    89
Dodge: Dodged            |   243 |   252 |   301 |   313 ||  1109
Block: Buckler           |       |       |    24 |   143 ||   167

Table legend:
 A = Spawn XP
 B = Non-spawn XP
 C = Spawn XP percentage of total XP
 D = Spawn monster count
 E = Non-spawn monster count
 F = Spawn count percentage of total count
 G = Total turns spent on level
                    A         B        C        D         E        F      G
               +---------+---------+-------+---------+---------+-------+---------
         Total |       0 |   22519 |   0.0 |       0 |     354 |   0.0 | 19772
               +---------+---------+-------+---------+---------+-------+---------
           D:1 |       0 |      68 |   0.0 |       0 |      32 |   0.0 |  2310
           D:2 |       0 |     138 |   0.0 |       0 |      29 |   0.0 |  1596
           D:3 |       0 |      63 |   0.0 |       0 |      21 |   0.0 |  3014
           D:4 |       0 |     977 |   0.0 |       0 |      34 |   0.0 |  2398
           D:5 |       0 |     450 |   0.0 |       0 |       8 |   0.0 |   808
           D:6 |       0 |    1348 |   0.0 |       0 |      29 |   0.0 |  1701
           D:7 |       0 |    1062 |   0.0 |       0 |      28 |   0.0 |  1161
           D:8 |       0 |    1894 |   0.0 |       0 |      31 |   0.0 |  1911
           D:9 |       0 |    2521 |   0.0 |       0 |      36 |   0.0 |  1383
          D:10 |       0 |    5172 |   0.0 |       0 |      48 |   0.0 |  1697
          D:11 |       0 |    8104 |   0.0 |       0 |      53 |   0.0 |  1431
          D:12 |       0 |     722 |   0.0 |       0 |       5 |   0.0 |    79
               +---------+---------+-------+---------+---------+-------+---------
